 Dungeon Crawl Stone Soup version 0.31.0-11-ge490571c62 (webtiles) character file.

Game seed: 12368775628908218754

4435 qw the Skirmisher (level 10, -4/60 HPs)
             Began as a Deep Elf Hunter on Feb 3, 2024.
             Slain by a hornet (5 damage)
             ... on level 7 of the Dungeon.
             The game lasted 00:00:42 (5280 turns).

qw the Skirmisher (Deep Elf Hunter)                 Turns: 5280, Time: 00:00:43

Health: -4/60      AC: 13    Str: 12    XL:     10   Next: 14%
Magic:  12/12      EV: 18    Int: 15    God:
Gold:   357        SH:  0    Dex: 18    Spells: 9/9 levels left

rFire   + . .        a - +0 shortbow
rCold   + . .        (shield currently unavailable)
rNeg    . . .        f - +2 robe {rC+ rF+}
rPois   .            s - +2 helmet {SInv}
rElec   .            g - +1 cloak
rCorr   .            j - +0 pair of gloves
SInv    +            w - +2 pair of boots
Will    +....        l - amulet of regeneration
Stlth   ++           (no ring)
HPRegen 1.10/turn    (no ring)
MPRegen 0.13/turn

%: no passive effects
@: lethally poisoned (-4 -> -5), slowed, very slow
A: no striking features
a: no special abilities


You were on level 7 of the Dungeon.
You visited 2 branches of the dungeon, and saw 8 of its levels.
You also visited: Ossuary.

You collected 357 gold pieces.


   Skills:
 - Level 6.0 Fighting
 - Level 14.1 Ranged Weapons
 - Level 2.1 Armour
 + Level 9.5 Dodging
 - Level 1.2 Stealth


You had 9 spell levels left.
You didn't know any spells.
Your spell library was empty.

Inventory:

Hand Weapons
 a - a +0 shortbow (weapon)
Armour
 b - a +0 troll leather armour
 f - a +2 robe of resistance (worn)
 g - a +1 cloak (worn)
 j - a +0 pair of gloves (worn)
 s - a +2 helmet of see invisible (worn)
 w - a +2 pair of boots (worn)
Jewellery
 k - a ring of protection from cold
 l - an amulet of regeneration (around neck)
Scrolls
 c - 6 scrolls of teleportation
 i - a scroll of fear {unknown}
 m - a scroll of identify
Potions
 d - 2 potions of might
 e - a potion of magic {unknown}
 h - 3 potions of curing
 n - a potion of enlightenment
 o - 2 potions of resistance
 u - a potion of lignification {unknown}
 v - a potion of cancellation {unknown}
 x - a potion of mutation {unknown}

Dungeon Overview and Level Annotations

Branches:
Dungeon (7/15)             Temple (1/1) D:6         Ossuary (visited)

Altars:
Ashenzari
Cheibriados
Dithmenos
Elyvilon
Fedhas
Gozag
Hepliaklqana
Kikubaaqudgha
Nemelex Xobeh
Ru
Sif Muna
Trog
Uskayaw
Vehumet
Wu Jian
Xom
Yredelemnul
Zin
The Shining One

Annotations:
D:5 3 runed translucent doors, qw's ghost, novice DEHu


Message History

The arrow closely misses the orc.
The arrow hits the orc priest but does no damage.
You feel very sick. The hornet stings you!
You feel as though you will be slow longer.
You shoot an arrow.
The arrow hits the hornet but does no damage.
The hornet is moderately wounded.
You feel sick.
The hornet stings you but does no damage.
The hornet completely misses you.
You shoot an arrow. The arrow barely misses the hornet.
The arrow hits the orc!
You kill the orc!
You feel sick. The hornet closely misses you.
You shoot an arrow. The arrow closely misses the hornet.
The arrow barely misses the orc priest.
You feel sick. The hornet misses you.
The hornet stings you but does no damage.
You shoot an arrow. The arrow closely misses the hornet.
The arrow hits the orc priest but does no damage.
You feel sick. The hornet misses you.
You shoot an arrow. The arrow misses the hornet.
The arrow barely misses the orc priest.
You feel sick. The hornet stings you!
You are more poisoned.
You feel as though you will be slow longer.
The hornet closely misses you.
You shoot an arrow. The arrow hits the hornet.
The hornet is heavily wounded.
You feel very sick. The hornet stings you!
You feel as though you will be slow longer.
You shoot an arrow. The arrow closely misses the hornet.
The arrow hits the orc priest!
The orc priest is severely wounded.
You feel sick.
The hornet stings you but does no damage.
The orc priest mumbles some strange prayers to Beogh against you.
Beogh smites you! The hornet stings you.
You die...

# ####### ##
...<......)
#######.......###
#.....#.#.##....#
#.###.#.#.....#.# .
#.# #.#.......#.#
.)).####.#
#....####.#.#
#..oy@.#####.####.....
#.####..........'.....
###.###.####.....
#.....# #..... #######
######


You could see a hornet and an orc priest.

Vanquished Creatures
  Pikel (D:6)
  Maggie (D:6)
  A troll (D:6)
  Grinder (D:3)
  Sigmund (D:6)
  A wyvern (D:7)
  Edmund (D:5)
  Menkaure (D:5)
  Duvessa (D:6)
  An acid dragon (D:7)
  2 water moccasins (D:7)
  A sky beast (D:5)
  3 ice beasts
  A centaur (D:7)
  A weeping skull (Ossuary)
  A kobold brigand (D:6)
  3 bullfrogs
  7 water moccasin zombies (Ossuary)
  4 wights (D:6)
  Dowan (D:6)
  A howler monkey (D:6)
  2 bombardier beetles (D:5)
  3 bullfrog zombies (D:6)
  6 hounds
  A centaur zombie (D:6)
  An orc priest (D:7)
  5 orc wizards
  3 iguanas
  A killer bee zombie (D:6)
  A bullfrog simulacrum (Ossuary)
  A crocodile zombie (Ossuary)
  2 mummies (Ossuary)
  A howler monkey zombie (D:6)
  6 gnolls
  5 adders
  A shadow imp (D:7)
  2 white imps
  4 ufetubi (D:7)
  5 adder zombies (Ossuary)
  2 dart slugs (D:2)
  9 orcs
  6 ball pythons
  6 bats
  12 endoplasms
  3 giant cockroaches
  8 gnoll zombies (Ossuary)
  6 goblins
  4 hobgoblins
  5 jackals
  13 kobolds
  3 quokkas
  7 frilled lizards
  2 jackal zombies (Ossuary)
  5 orc zombies (Ossuary)
  5 rats
181 creatures vanquished.

Notes
Turn   | Place    | Note
-------+----------+-------------------------------------------
     0 | D:1      | qw the Deep Elf Hunter began the quest for the Orb.
     0 | D:1      | Reached XP level 1. HP: 12/12 MP: 3/3
     0 | D:1      | 0 ||| qw: Version: 0.3-a-158-g18b3111
     0 | D:1      | 0 ||| qw: Game counter: 4195
     0 | D:1      | 0 ||| qw: Melee chars always use a shield: true
     0 | D:1      | 0 ||| qw: God list: Okawaru
     0 | D:1      | 0 ||| qw: Allow faded altars: false
     0 | D:1      | 0 ||| qw: Do Orc after clearing Dungeon:15 true
     0 | D:1      | 0 ||| qw: Do second Lair branch before Depths: true
     0 | D:1      | 0 ||| qw: Lair rune preference: random
     0 | D:1      | 0 ||| qw: Goals: Normal
     0 | D:1      | 0 ||| PLANNING D:1-11
   171 | D:1      | Reached XP level 2. HP: 16/16 MP: 4/4
   175 | D:1      | Reached skill level 6 in Ranged Weapons
   233 | D:1      | You fall into a shaft and drop 1 floor!
   341 | D:2      | Reached XP level 3. HP: 12/20 MP: 5/5
   393 | D:2      | 393 ||| UPGRADING to +2 robe of resistance.
   403 | D:2      | 403 ||| DROPPING +0 leather armour.
   404 | D:2      | 404 ||| READING scroll labelled GOISSE FUB ZED.
   404 | D:2      | 404 ||| IDENTIFYING scroll labelled IHODWA BYHEI
   405 | D:2      | 405 ||| DROPPING scroll of butterflies.
   411 | D:2      | 411 ||| FLEEEEING.
   412 | D:2      | 412 ||| FLEEEEING.
   413 | D:2      | 413 ||| STAIRDANCE
   524 | D:1      | Reached skill level 7 in Ranged Weapons
   817 | D:1      | 817 ||| UPGRADING to +0 cloak.
   822 | D:1      | 822 ||| READING scroll labelled KIRATUZXIX.
  1171 | D:2      | HP: 5/20 [gnoll/+0 flail (5)]
  1172 | D:2      | 1172 ||| READING scroll of teleportation.
  1172 | D:2      | HP: 2/20 [gnoll/+0 flail (3)]
  1282 | D:2      | Reached XP level 4. HP: 25/25 MP: 6/6
  1697 | D:2      | 1697 ||| READING scroll labelled VIRETO CATIUHI.
  1723 | D:3      | Noticed Grinder
  1738 | D:3      | Paralysed by Grinder for 3 turns
  1741 | D:3      | 1741 ||| FLEEEEING.
  1751 | D:3      | Killed Grinder
  1752 | D:3      | Reached skill level 9 in Ranged Weapons
  1752 | D:3      | Reached XP level 5. HP: 14/29 MP: 7/7
  1752 | D:3      | Reached XP level 6. HP: 17/34 MP: 8/8
  1846 | D:3      | Noticed a +0 dagger
  1946 | D:3      | Found a hide-covered altar of Uskayaw.
  1959 | D:3      | Reached skill level 3 in Dodging
  2003 | D:3      | Noticed a +0 dagger
  2105 | D:3      | Found an ornate altar of the Wu Jian Council.
  2193 | D:3      | Found an ancient bone altar of Kikubaaqudgha.
  2370 | D:3      | 2370 ||| UPGRADING to +1 cloak.
  2380 | D:3      | 2380 ||| DROPPING +0 cloak.
  2381 | D:3      | 2381 ||| UPGRADING to +0 pair of gloves.
  2386 | D:3      | 2386 ||| UPGRADING to +0 helmet.
  2391 | D:3      | 2391 ||| UPGRADING to amulet of regeneration.
  2396 | D:3      | 2396 ||| READING scroll of identify.
  2396 | D:3      | 2396 ||| IDENTIFYING black potion
  2397 | D:3      | 2397 ||| READING scroll labelled WUITID NUECS.
  2429 | D:4      | Found a shimmering blue altar of Sif Muna.
  2653 | D:4      | Reached skill level 10 in Ranged Weapons
  2718 | D:4      | 2718 ||| RETREEEEATING.
  2719 | D:4      | 2719 ||| RETREEEEATING.
  2720 | D:4      | 2720 ||| RETREEEEATING.
  2721 | D:4      | 2721 ||| RETREEEEATING.
  2722 | D:4      | 2722 ||| RETREEEEATING.
  2728 | D:4      | 2728 ||| RETREEEEATING.
  2729 | D:4      | 2729 ||| RETREEEEATING.
  2730 | D:4      | 2730 ||| RETREEEEATING.
  2731 | D:4      | 2731 ||| RETREEEEATING.
  2738 | D:4      | Reached XP level 7. HP: 38/40 MP: 9/9
  2881 | D:4      | 2881 ||| DROPPING +0 scale mail.
  2882 | D:4      | 2882 ||| UPGRADING to +2 helmet of see invisible.
  2892 | D:4      | 2892 ||| DROPPING +0 helmet.
  2893 | D:4      | 2893 ||| UPGRADING to +2 pair of boots.
  2898 | D:4      | 2898 ||| READING 2 scrolls labelled MIXOQUASO.
  2899 | D:4      | 2899 ||| READING scroll labelled PEJOTE QIDD.
  2900 | D:4      | 2900 ||| READING scroll labelled JUICYMP COAGEA.
  2901 | D:4      | 2901 ||| DRINKING 2 inky potions.
  2902 | D:4      | 2902 ||| FLEEEEING.
  2903 | D:4      | 2903 ||| FLEEEEING.
  2904 | D:4      | 2904 ||| FLEEEEING.
  2905 | D:4      | 2905 ||| FLEEEEING.
  2906 | D:4      | 2906 ||| FLEEEEING.
  2907 | D:4      | 2907 ||| FLEEEEING.
  2908 | D:4      | 2908 ||| FLEEEEING.
  2909 | D:4      | 2909 ||| FLEEEEING.
  2910 | D:4      | 2910 ||| STAIRDANCE
  2912 | D:3      | 2912 ||| FLEEEEING.
  2913 | D:3      | 2913 ||| FLEEEEING.
  2914 | D:3      | 2914 ||| FLEEEEING.
  2915 | D:3      | 2915 ||| FLEEEEING.
  2916 | D:3      | 2916 ||| FLEEEEING.
  2917 | D:3      | 2917 ||| FLEEEEING.
  2918 | D:3      | 2918 ||| FLEEEEING.
  2919 | D:3      | 2919 ||| FLEEEEING.
  2920 | D:3      | 2920 ||| FLEEEEING.
  2921 | D:3      | 2921 ||| FLEEEEING.
  2922 | D:3      | 2922 ||| FLEEEEING.
  2923 | D:3      | 2923 ||| FLEEEEING.
  2924 | D:3      | 2924 ||| FLEEEEING.
  2925 | D:3      | 2925 ||| FLEEEEING.
  2926 | D:3      | 2926 ||| FLEEEEING.
  2927 | D:3      | 2927 ||| FLEEEEING.
  2928 | D:3      | 2928 ||| FLEEEEING.
  2929 | D:3      | 2929 ||| FLEEEEING.
  2930 | D:3      | 2930 ||| FLEEEEING.
  2931 | D:3      | 2931 ||| FLEEEEING.
  2932 | D:3      | 2932 ||| FLEEEEING.
  2933 | D:3      | 2933 ||| FLEEEEING.
  2934 | D:3      | 2934 ||| FLEEEEING.
  2935 | D:3      | 2935 ||| FLEEEEING.
  2936 | D:3      | 2936 ||| FLEEEEING.
  2937 | D:3      | 2937 ||| FLEEEEING.
  2938 | D:3      | 2938 ||| FLEEEEING.
  2939 | D:3      | 2939 ||| FLEEEEING.
  2940 | D:3      | 2940 ||| FLEEEEING.
  2941 | D:3      | 2941 ||| FLEEEEING.
  2942 | D:3      | 2942 ||| FLEEEEING.
  2943 | D:3      | 2943 ||| FLEEEEING.
  2944 | D:3      | 2944 ||| FLEEEEING.
  2945 | D:3      | 2945 ||| FLEEEEING.
  2946 | D:3      | 2946 ||| FLEEEEING.
  2947 | D:3      | 2947 ||| FLEEEEING.
  2948 | D:3      | 2948 ||| FLEEEEING.
  2949 | D:3      | 2949 ||| FLEEEEING.
  2950 | D:3      | 2950 ||| FLEEEEING.
  2951 | D:3      | 2951 ||| FLEEEEING.
  2952 | D:3      | 2952 ||| FLEEEEING.
  2953 | D:3      | 2953 ||| FLEEEEING.
  2954 | D:3      | 2954 ||| DROPPING scroll of immolation.
  2955 | D:3      | 2955 ||| DROPPING potion of berserk rage.
  2980 | D:5      | Entered Level 5 of the Dungeon
  2981 | D:5      | 2981 ||| PLANNING OSSUARY
  3056 | D:5      | Found a radiant altar of Vehumet.
  3061 | D:5      | Noticed Edmund
  3066 | D:5      | 3066 ||| FLEEEEING.
  3067 | D:5      | 3067 ||| FLEEEEING.
  3068 | D:5      | 3068 ||| FLEEEEING.
  3069 | D:5      | 3069 ||| FLEEEEING.
  3070 | D:5      | 3070 ||| FLEEEEING.
  3093 | D:5      | Killed Edmund
  3094 | D:5      | Reached skill level 11 in Ranged Weapons
  3147 | D:5      | Noticed Menkaure
  3151 | D:5      | 3151 ||| ZAPPING wand of acid (9) at -1,5 (Menkaure;
                  | floor).
  3152 | D:5      | 3152 ||| ZAPPING wand of acid (8) at 0,4 (Menkaure; floor).
  3152 | D:5      | Killed Menkaure
  3222 | D:5      | Found a sand-covered staircase.
  3231 | Ossuary  | Entered an ossuary
  3289 | Ossuary  | Reached XP level 8. HP: 44/44 MP: 10/10
  3375 | Ossuary  | Reached skill level 12 in Ranged Weapons
  3396 | Ossuary  | Reached skill level 3 in Fighting
  3513 | Ossuary  | 3513 ||| READING 2 scrolls of identify.
  3513 | Ossuary  | 3513 ||| IDENTIFYING smoky red potion
  3514 | Ossuary  | 3514 ||| READING scroll of identify.
  3514 | Ossuary  | 3514 ||| IDENTIFYING murky white potion
  3515 | Ossuary  | 3515 ||| READING scroll labelled KOLEDA HETWIVA.
  3516 | Ossuary  | 3516 ||| DRINKING 3 golden potions.
  3517 | Ossuary  | 3517 ||| DRINKING 2 orange potions.
  3518 | Ossuary  | 3518 ||| DRINKING 2 metallic green potions.
  3519 | Ossuary  | 3519 ||| DRINKING 3 yellow potions.
  3520 | Ossuary  | 3520 ||| DROPPING potion of brilliance.
  3521 | Ossuary  | 3521 ||| DROPPING potion of ambrosia.
  3522 | Ossuary  | 3522 ||| DROPPING 2 potions of attraction.
  3531 | D:5      | 3531 ||| PLANNING D:1-11
  3753 | D:5      | Found a runed translucent gate.
  3753 | D:5      | Noticed qw's ghost (novice DEHu)
  3757 | D:5      | Found a runed translucent gate.
  3772 | D:5      | Found a runed translucent gate.
  3796 | D:5      | Found a sacrificial altar of Ru.
  3796 | D:5      | Found a snail-covered altar of Cheibriados.
  3803 | D:5      | Found a white marble altar of Elyvilon.
  3808 | D:5      | Found a hazy altar of Hepliaklqana.
  3824 | D:5      | Reached skill level 13 in Ranged Weapons
  3825 | D:5      | Found a broken altar of Ashenzari.
  3952 | D:5      | Found a glowing golden altar of the Shining One.
  4023 | D:5      | 4023 ||| DRINKING 2 bubbling orange potions.
  4055 | D:6      | Noticed Duvessa
  4055 | D:6      | Noticed Dowan
  4078 | D:6      | Killed Duvessa
  4090 | D:6      | 4090 ||| DRINKING potion of haste.
  4095 | D:6      | Killed Dowan
  4155 | D:6      | Noticed Sigmund
  4156 | D:6      | Reached skill level 14 in Ranged Weapons
  4156 | D:6      | Reached XP level 9. HP: 50/50 MP: 11/11
  4156 | D:6      | 4156 ||| RETREEEEATING.
  4177 | D:6      | Noticed a troll
  4179 | D:6      | Killed Sigmund
  4180 | D:6      | Reached skill level 6 in Dodging
  4180 | D:6      | 4180 ||| ZAPPING wand of acid (7) at 5,-4 (troll; floor).
  4181 | D:6      | 4181 ||| ZAPPING wand of acid (6) at 4,-3 (troll; floor).
  4183 | D:6      | 4183 ||| ZAPPING wand of acid (5) at 3,-2 (troll; floor).
  4184 | D:6      | 4184 ||| ZAPPING wand of acid (4) at 2,-1 (troll; floor).
  4185 | D:6      | 4185 ||| ZAPPING wand of acid (3) at 1,0 (troll; floor).
  4186 | D:6      | 4186 ||| ZAPPING wand of acid (2) at 1,0 (troll; floor).
  4187 | D:6      | 4187 ||| ZAPPING wand of acid (1) at 1,0 (troll; floor).
  4189 | D:6      | Killed a troll
  4217 | D:6      | 4217 ||| RETREEEEATING.
  4218 | D:6      | 4218 ||| RETREEEEATING.
  4219 | D:6      | 4219 ||| RETREEEEATING.
  4223 | D:6      | 4223 ||| RETREEEEATING.
  4224 | D:6      | 4224 ||| RETREEEEATING.
  4288 | D:6      | Noticed Pikel
  4289 | D:6      | 4289 ||| RETREEEEATING.
  4290 | D:6      | 4290 ||| RETREEEEATING.
  4291 | D:6      | 4291 ||| RETREEEEATING.
  4292 | D:6      | 4292 ||| RETREEEEATING.
  4293 | D:6      | 4293 ||| RETREEEEATING.
  4294 | D:6      | 4294 ||| RETREEEEATING.
  4295 | D:6      | 4295 ||| RETREEEEATING.
  4297 | D:6      | 4297 ||| RETREEEEATING.
  4298 | D:6      | 4298 ||| RETREEEEATING.
  4299 | D:6      | 4299 ||| RETREEEEATING.
  4300 | D:6      | 4300 ||| RETREEEEATING.
  4301 | D:6      | 4301 ||| RETREEEEATING.
  4315 | D:6      | Killed Pikel
  4387 | D:6      | 4387 ||| DRINKING 2 potions of curing.
  4387 | D:6      | 4387 ||| (to cure confusion)
  4404 | D:6      | Found a basalt altar of Yredelemnul.
  4454 | D:6      | Found a staircase to the Ecumenical Temple.
  4455 | D:6      | 4455 ||| PLANNING TEMPLE
  4455 | D:6      | 4455 ||| DROPPING +0 ring mail.
  4456 | D:6      | 4456 ||| DROPPING wand of flame (25).
  4465 | Temple   | Entered the Ecumenical Temple
  4466 | Temple   | 4466 ||| PLANNING D:1-11
  4616 | D:6      | Noticed Maggie
  4646 | D:6      | Killed Maggie
  4647 | D:6      | Reached skill level 9 in Dodging
  4896 | D:7      | Reached XP level 10. HP: 59/59 MP: 12/12
  5024 | D:7      | Reached skill level 6 in Fighting
  5280 | D:7      | HP: 15/60 [poisoned by a hornet]
  5280 | D:7      | HP: 1/60 [orc priest/divine providence (14)]
  5280 | D:7      | Slain by a hornet

Levels and vault maps discovered:
D:1:      dpeg_arrival_erosion, layout_basic, minmay_misc_feat_more_columns
D:2:      layout_loops_corners
D:3:      layout_rooms, dancing_weapons_uskayaw,
          pdpol_wu_jian_five_deadly_venoms, lemuel_doored_altar,
          minmay_parallelograms, uniq_grinder
D:4:      layout_rooms, mainiacjoe_overflow_cross_hatched
D:5:      layout_basic, tso_oasis_becter, overflow_temple_1_default,
          chequers_temple_overflow_minitemple, chequers_ossuary_entry_cave,
          biasface_ghost_orc_armoury, uniq_menkaure, uniq_edmund
D:6:      layout_gridville, nicolae_yredelemnul_corpse_copse,
          minmay_temple_entry_trees, uniq_sigmund, uniq_duvessa, uniq_maggie,
          uniq_pikel
D:7:      minmay_angry_zag, layout_basic
Temple:   hellmonk_temple_of_storms

Skill      XL: |  1  2  3  4  5  6  7  8  9 10 |
---------------+-------------------------------+-----
Ranged Weapons | 6 7 9 10 11 14 | 14.1
Dodging        | 4 5 9 |  9.5
Fighting       | 2 3 5 6 |  6.0
Armour         | 2 |  2.1
Stealth        | |  1.2

Action                     |  1- 3 |  4- 6 |  7- 9 | 10-12 || total
---------------------------+-------+-------+-------+-------++-------
   Fire: Shortbow          |   118 |   135 |   611 |    82 ||   946
  Evoke: Wand              |       |       |     9 |       ||     9
    Use: Scroll            |     3 |     3 |     6 |       ||    12
         Potion            |       |       |     8 |       ||     8
 Armour: Leather armour    |     9 |       |       |       ||     9
         Robe              |    16 |    23 |   194 |    31 ||   264
  Dodge: Dodged            |    32 |    24 |   277 |    27 ||   360

Table legend:
 A = Non-vault XP
 B = Vault XP
 C = Vault XP percentage of total XP
 D = Non-vault monster count
 E = Vault monster count
 F = Vault count percentage of total count
                 A         B        C        D         E       F
            +---------+---------+-------+---------+---------+-------
      Total |    3327 |    3010 |  47.5 |     135 |      46 |  25.4
            +---------+---------+-------+---------+---------+-------
        D:1 |      37 |       0 |   0.0 |      22 |       0 |   0.0
        D:2 |      88 |       0 |   0.0 |      29 |       0 |   0.0
        D:3 |     136 |     267 |  66.3 |      15 |       1 |   6.2
        D:4 |     238 |       0 |   0.0 |      20 |       0 |   0.0
        D:5 |     555 |     318 |  36.4 |       8 |       2 |  20.0
        D:6 |    1173 |    1637 |  58.3 |      22 |      11 |  33.3
        D:7 |    1100 |       0 |   0.0 |      19 |       0 |   0.0
    Ossuary |       0 |     788 | 100.0 |       0 |      32 | 100.0
            +---------+---------+-------+---------+---------+-------
